 Dungeon Crawl Stone Soup version 0.27-a0-1529-g1e82c303ef (webtiles) character file.

Game seed: 3768752323626304895

61 Morbidden the Gusty (level 3, -10/26 HPs)
             Began as a Demonspawn Air Elementalist on July 11, 2021.
             Mangled by a gnoll (14 damage)
             ... on level 2 of the Dungeon.
             The game lasted 00:02:38 (2403 turns).

Morbidden the Gusty (Demonspawn Air Elementalist)   Turns: 2403, Time: 00:02:39

Health: -10/26     AC:  2    Str:  8    XL:     3   Next: 83%
Magic:  1/6        EV: 12    Int: 17    God:
Gold:   108        SH:  0    Dex: 13    Spells: 3/6 levels left

rFire    . . .     SeeInvis .   (no weapon)
rCold    . . .     Faith    .   (no shield)
rNeg     . . .     Spirit   .   a - +0 robe
rPois    .         Reflect  .   (no helmet)
rElec    .         Harm     .   (no cloak)
rCorr    .         Rampage  .   (no gloves)
Will     .....                  (no boots)
Stlth    ++........             (no amulet)
HPRegen  0.08/turn              (no ring)
MPRegen  0.10/turn              (no ring)

@: no status effects
A: claws 2
a: no special abilities


You were on level 2 of the Dungeon.
You visited 1 branch of the dungeon, and saw 2 of its levels.

You collected 108 gold pieces.

Inventory:

Armour
 a - a +0 robe (worn)
 f - a +0 pair of boots
Wands
 i - a wand of polymorph (1)
Scrolls
 b - a scroll of vulnerability {unknown}
 e - a scroll of enchant weapon {unknown}
 g - 2 scrolls of teleportation {unknown}
Potions
 c - 2 potions of cancellation {unknown}
 d - a potion of brilliance {unknown}
 h - a potion of curing {unknown}


   Skills:
 * Level 1.0 Fighting
 * Level 1.9 Dodging
 + Level 2.0 Stealth
 * Level 0.8 Unarmed Combat
 * Level 2.4 Spellcasting
 * Level 1.4 Conjurations
 * Level 3.3 Air Magic


You had 3 spell levels left.
You knew the following spells:

 Your Spells              Type           Power      Damage    Failure   Level
a - Shock                 Conj/Air       40%        1d5       7%          1
b - Static Discharge      Conj/Air       10%        N/A       11%         2

Your spell library contained the following spells:

 Spells                   Type           Power      Damage    Failure   Level
 Swiftness                Air            13%        N/A       14%         3
 Conjure Flame            Conj/Fire      4%         6-21      38%         3
 Ignite Poison            Fire/Tmut/Pois 2%         N/A       50%         3
 Airstrike                Air            6%         N/A       43%         4
 Sticky Flame             Conj/Fire      4%         2d3       80%         4


Dungeon Overview and Level Annotations

Branches:
Dungeon (2/15)

Altars:
Trog

Shops:
D:1 *


Innate Abilities, Weirdness & Mutations

You have very sharp fingernails.


Message History

Confirm with . or Enter, or press ? or * to list all spells.
Aiming: Shock (safe; 7% risk of failure)
Press: ? - help, Shift-Dir - straight line, p - gnoll The zap hits the gnoll.
The gnoll is almost dead.
The zap hits the gnoll.
The gnoll is moderately wounded.
The zap hits the gnoll.
The gnoll is heavily wounded.
The zap misses the gnoll.
The gnoll completely misses you.
The gnoll hits you from afar with a +0 halberd!
Unknown command.
Unknown command.
Unknown command.
Casting: Shock (safe; 7% risk of failure)
Confirm with . or Enter, or press ? or * to list all spells.
Aiming: Shock (safe; 7% risk of failure)
Press: ? - help, Shift-Dir - straight line, f - gnoll
Aim: a gnoll, wielding a +0 flail (severely wounded, 72% to hit)
The zap hits the gnoll but does no damage.
The gnoll is severely wounded.
The zap hits the gnoll.
The gnoll is severely wounded.
The gnoll hits you with a +0 flail.
Unknown command.
Unknown command.
Unknown command.
Unknown command.
Casting: Shock (safe; 7% risk of failure)
Confirm with . or Enter, or press ? or * to list all spells.
Aiming: Shock (safe; 7% risk of failure)
Press: ? - help, Shift-Dir - straight line, f/p - gnoll
Aim: a gnoll, wielding a +0 flail (severely wounded, 72% to hit)
The zap misses the gnoll.
The zap hits the gnoll.
The gnoll is severely wounded.
The gnoll hits you with a +0 flail.
* * * LOW HITPOINT WARNING * * *
The gnoll hits you from afar with a +0 halberd!
Ouch! That really hurt!
You die...

############ #..........#####
#.........@gg..#
##..#.........#.#
#...###.###.###.# #.#
#...#.........#.## #.#
#...#.#.#.#P#.#..# #.#
######...#..P...P..#..#########.#
.....'...###.###.###............#
######...#.P.P_.P.P#.####.......+
########.###P###.###...##.......#


You could see 2 gnolls.

Vanquished Creatures
  A gnoll (D:2)
  An adder (D:2)
  An adder skeleton (D:2)
  A dart slug (D:2)
  2 endoplasms
  A giant cockroach (D:2)
  2 goblins
  A hobgoblin (D:2)
  4 quokkas
  5 ball pythons
  5 bats
  4 frilled lizards
  6 kobolds
  5 rats
39 creatures vanquished.

Vanquished Creatures (others)
  3 fungi (D:2)
  A plant (D:2)
4 creatures vanquished.

Grand Total: 43 creatures vanquished

Notes
Turn   | Place    | Note
-------+----------+-------------------------------------------
     0 | D:1      | Morbidden the Demonspawn Air Elementalist began the quest
                  | for the Orb.
     0 | D:1      | Reached XP level 1. HP: 13/13 MP: 3/3
   364 | D:1      | Reached skill level 3 in Air Magic
   494 | D:1      | Gained mutation: You have sharp fingernails. [demonic
                  | ancestry]
   494 | D:1      | Reached XP level 2. HP: 20/20 MP: 3/5
   558 | D:1      | Learned a level 2 spell: Static Discharge
   891 | D:1      | Found Xusmo's Assorted Antiques.
  1203 | D:2      | Gained mutation: You have very sharp fingernails. [demonic
                  | ancestry]
  1203 | D:2      | Reached XP level 3. HP: 24/25 MP: 0/6
  1264 | D:2      | Found a faded altar of an unknown god.
  1823 | D:2      | Found a bloodstained altar of Trog.
  2360 | D:2      | Reached skill level 1 in Fighting
  2403 | D:2      | Mangled by a gnoll

Illustrated notes

Levels and vault maps discovered:
D:1:      lemuel_arrival_lava_pool, layout_basic, serial_shops,
          nicolae_shop_trees, minmay_splitting_lines
D:2:      layout_basic, basic_altar, shapermc_ecumenical_altar_mp_urbaneastern

Skill      XL: |  1  2  3 |
---------------+----------+-----
Air Magic      | 3 |  3.3
Stealth        | 2 |  2.0
Fighting       | 1 |  1.0
Dodging        | |  1.9
Unarmed Combat | |  0.8
Spellcasting   | |  2.4
Conjurations   | |  1.4

Action                   || total
-------------------------++-------
Melee: Unarmed           ||    50
 Cast: Shock             ||    67
       Static Discharge  ||     1
 Stab: Sleeping          ||     1
Armor: Robe              ||     5
Dodge: Dodged            ||    51

Table legend: (Time is in decaauts)
 A = Elapsed time spent in this place.
 B = Non-inter-level travel time spent in this place.
 C = Inter-level travel time spent in this place.
 D = Time resting spent in this place.
 E = Time spent auto-exploring this place.
 F = Levels seen in this place.
 G = Mean time per level.
                   A        B        C        D        E       F      G
               +--------+--------+--------+--------+--------+-----+--------+
         Total |   2400 |   2341 |     59 |      4 |   2057 |   2 | 1200.0 |
       Dungeon |   2400 |   2341 |     59 |      4 |   2057 |   2 | 1200.0 |
               +--------+--------+--------+--------+--------+-----+--------+

Top non-repeatable levels by time:
     D:2: 1334 daAuts
     D:1: 1066 daAuts
